Cogmind - Beta 15 @@@ ROGUE MODE // 2025.05.23 @ 08:20:30 Player: Fleshy Vegetable Bird Result: Destroyed by DN-G93(p) with EM Pulse Gun Performance ------------- Evolutions (0) 0 Regions Visited (3) 600 Robots Destroyed (26) 130 Value Destroyed (579) 579 Prototype IDs (16) 320 Alien Tech Used (0) 0 Bonus (848) 848 TOTAL SCORE: 2477 Bonus ------- Follower Combat Kills 48 Registered with UFD 300 Met Optimus in HQ 500 Cogmind --------- Core Integrity 0/250 Matter 300/300 Energy 238/240 System Corruption 1% Temperature Cool (0) Movement Rolling (115) Ox2 Location -8/Scraptown Parts ------- > --- POWER (1) -------- Nuclear Core > --- PROPULSION (2) --- Wheel Armored Wheel > --- UTILITY (2) ------ High-capacity Storage Unit A0-MCA's Component Scanner > --- WEAPON (2) ------- Thermic Laser Improved Assault Rifle > --- INVENTORY (20) --- Light Nuclear Core Armored Treads Armored Treads Armored Treads High-capacity Matter Pod (200) 0b10 Decoder Chip [Generic] Hardened Medium Armor Plating Focal Shield Hacking Suite System Shield Authchip [Propulsion] Improved System Restoration Module Battle Rifle Improved Assault Rifle Heavy Flak Cannon Grenade Launcher CPS Tube (2) Ripper Large Botcube Peak State ------------ > --- POWER ------------ Nuclear Core > --- PROPULSION ------- Wheel Armored Wheel > --- UTILITY ---------- High-capacity Storage Unit A0-MCA's Component Scanner > --- WEAPON ----------- Thermic Laser Improved Assault Rifle > --- INVENTORY -------- Light Nuclear Core Armored Treads Armored Treads Armored Treads High-capacity Matter Pod 0b10 Decoder Chip [Generic] Hardened Medium Armor Plating Focal Shield Hacking Suite System Shield Authchip [Propulsion] Improved System Restoration Module Battle Rifle Improved Assault Rifle Heavy Flak Cannon Grenade Launcher CPS Tube Ripper Large Botcube [Rating: 32] Favorites ----------- Power Nuclear Core Engine Light Ion Engine Power Core Nuclear Core Propulsion Wheel Treads Light Treads Wheel Wheel Utility High-capacity Storage Unit Device Heat Sink Storage High-capacity Storage Unit Processor A0-MCA's Component Scanner Protection Hardened Medium Armor Plating Weapon Improved Assault Rifle Energy Gun Thermic Laser Ballistic Gun Improved Assault Rifle Special Weapon Mining Laser Build | -11 -10 -10 -8 ------- Run | Yrd Mat Sub Scr Slots Evolved . | . . . . Power . | . . . . Propulsion . | . . . . Utility . | . . . . Weapon . | . . . . Parts Attached 37 | 7 15 4 11 Power 6 | 1 2 . 3 Engine 4 | 1 2 . 1 Core 2 | . . . 2 Reactor . | . . . . Propulsion 14 | 2 7 2 3 Treads 1 | . 1 . . Leg . | . . . . Wheel 13 | 2 6 2 3 Hover . | . . . . Flight . | . . . . Utility 7 | 1 2 1 3 Device 1 | . 1 . . Storage 3 | 1 1 1 . Processor 2 | . . . 2 Hackware . | . . . . Protection 1 | . . . 1 Artifact . | . . . . Weapon 10 | 3 4 1 2 Energy Gun 4 | . 2 1 1 Energy Cannon . | . . . . Ballistic Gun 5 | 3 1 . 1 Ballistic Cannon . | . . . . Launcher . | . . . . Special Weapon 1 | . 1 . . Impact Weapon . | . . . . Slashing Weapon . | . . . . Piercing Weapon . | . . . . Special Melee Weapon . | . . . . Unidentified Prototypes 1 | . 1 . . Parts Lost 9 | . 7 2 . Power 2 | . 2 . . Propulsion 5 | . 4 1 . Utility 1 | . . 1 . Weapon 1 | . 1 . . Highest Loss Streak 4 | . 4 1 . To Critical Strikes . | . . . . Average Backups 15 | 3 7 15 18 Power . | . . . . Propulsion 3 | 1 3 6 3 Utility 6 | . 1 3 7 Weapon 5 | . 1 6 5 Tool/Special . | . . . . Unused Backups 43 | 1 3 . 39 Power 2 | . . . 2 Propulsion 12 | 1 3 . 8 Utility 16 | . . . 16 Weapon 11 | . . . 11 Tool/Special 2 | . . . 2 Average Slot Usage (%) 96 | . 86 97 98 Engine 5 | . 11 14 3 Core 7 | . . . 10 Wheel 27 | . 23 27 28 Device 2 | . 7 12 . Storage 14 | . 14 14 14 Processor 9 | . . . 12 Energy Gun 15 | . 8 24 16 Ballistic Gun 11 | . 16 2 11 Peak Build Rating 32 | 6 12 12 32 Average Rating 20 | 4 7 11 25 On Entrance 7 | . 6 12 11 Naked Turns . | . . . . Heaviest Build 62 | 12 30 50 62 Greatest Support 30 | 20 30 20 22 Greatest Overweight (x) 3 | . 2 2 3 Average Overweight (x) 1 | . . 1 2 Largest Inventory Capacity 20 | 8 15 20 20 Average Capacity 17 | 6 9 19 20 Most Carried 20 | 6 15 20 20 Average Carried 16 | 3 7 16 19 Final Capacity 20 | 8 15 20 20 Final Carried 20 | 6 15 20 20 Class Distribution -------------------- 92% | Mutant 7% | Scavenger-Mutant Dominant Class ---------------- Mutant | -10/Materials Scavenger-Mutant | -10/Subcaves Mutant | -8/Scraptown Resources | -11 -10 -10 -8 ----------- Run | Yrd Mat Sub Scr Matter Collected 1222 | 239 667 177 139 Remotely . | . . . . Salvage Created 723 | 174 517 32 . Parts 44 | 12 32 . . Haulers Intercepted . | . . . . Recyclers Shooed 2 | 2 . . . Parts Field Recycled . | . . . . Retrieved Matter . | . . . . Parts Self-Destructed 2 | . . 2 . Prevented . | . . . . Kills | -11 -10 -10 -8 ------- Run | Yrd Mat Sub Scr Combat Hostiles Destroyed 18 | . 16 2 . Guns 18 | . 16 2 . Classes Destroyed 8 | 3 5 . . Worker 1 | 1 . . . Builder 1 | . 1 . . Tunneler 4 | 4 . . . Recycler 1 | 1 . . . Watcher 1 | . 1 . . Swarmer 7 | . 7 . . Grunt 6 | . 6 . . Subdweller 5 | . 3 2 . Best Kill Streak 3 | 3 3 2 . Combat Bots Only 3 | . 3 2 . Max Kills in Single Turn 1 | 1 1 1 . Gunslinging . | . . . . Exploded . | . . . . Melee . | . . . . Uniques/NPCs Destroyed . | . . . . Combat | -11 -10 -10 -8 -------- Run | Yrd Mat Sub Scr Hostile Shots Fired 141 | . 109 22 10 Missed 37 | . 28 6 3 Hits 104 | . 81 16 7 Projectile 104 | . 81 16 7 Critical Strikes 4 | . 1 . 3 Damage Taken 1446 | . 1008 321 117 Core 254 | . 163 80 11 Absorbed by Shields . | . . . . Regen/Repaired (Parts) 80 | . 80 . . Core Remaining (%) 100 | 100 . . . Volleys Fired 121 | 31 75 14 1 Largest 2 | 2 2 2 2 Hottest 130 | 40 100 130 108 Shots Fired 205 | 54 125 24 2 Gun 201 | 54 124 21 2 Cannon . | . . . . Launcher . | . . . . Special 4 | . 1 3 . Kinetic 139 | 54 84 . 1 Thermal 66 | . 41 24 1 Explosive . | . . . . Electromagnetic . | . . . . Robot Hit Streak 11 | 5 11 11 2 Robot Miss Streak 10 | 5 10 3 . Penetration Max . | . . . . Secondary Targets 6 | . 5 1 . Max Gunslinging Chain 1 | . 1 1 . Shots Hit Robots 137 | 31 85 19 2 Core Hits 57 | 7 36 13 1 Critical Kills . | . . . . Critical Parts Destroyed . | . . . . Critical Strikes 2 | . 1 . 1 Burn 2 | . 1 . 1 Melee Attacks . | . . . . Impact . | . . . . Slashing . | . . . . Piercing . | . . . . Sneak Attacks . | . . . . Combat Hostiles . | . . . . Follow-up Attacks . | . . . . Damage Inflicted 1750 | 374 1118 224 34 Guns 1750 | 374 1118 224 34 Cannons . | . . . . Explosions . | . . . . Melee . | . . . . Ramming . | . . . . Kinetic 1189 | 374 799 . 16 Thermal 561 | . 319 224 18 Explosive . | . . . . Electromagnetic . | . . . . Impact . | . . . . Slashing . | . . . . Piercing . | . . . . Highest Corruption . | . . . . Average Corruption . | . . . . Corruption Purged . | . . . . Corruption Blocked . | . . . . Overload Shots . | . . . . Overflow Damage . | . . . . Projectiles . | . . . . Explosions . | . . . . Melee . | . . . . Knockbacks . | . . . . Impact . | . . . . Kinetic . | . . . . Secondary . | . . . . Self-Inflicted Damage . | . . . . Shots . | . . . . Rammed . | . . . . Targets Rammed . | . . . . Kicked . | . . . . Crushed . | . . . . Highest Temperature 99 | . 99 . 91 Average Temperature 27 | . 24 . 41 Received Heat Transfer 443 | . 303 42 98 Siege Activations . | . . . . Martial Activations . | . . . . Shielding Activations . | . . . . Robots Disrupted . | . . . . Combat Hostiles . | . . . . Robots Corrupted . | . . . . Combat Hostiles . | . . . . Parts Fried . | . . . . Impact Corruptions . | . . . . Robots Melted . | . . . . Combat Hostiles . | . . . . Parts Melted 6 | . 5 1 . Heat Transferred 1185 | . 789 285 111 Parts Sabotaged . | . . . . Parts Stolen . | . . . . Parts Stripped . | . . . . Power Chain Reactions . | . . . . Alert | -11 -10 -10 -8 ------- Run | Yrd Mat Sub Scr Maximum Alert Level 1 | . 1 . . Low Security (%) 97 | 100 96 . . Level 1 2 | . 3 . . Level 2 . | . . . . Level 3 . | . . . . Level 4 . | . . . . Level 5 . | . . . . High Security . | . . . . Max Security . | . . . . Peak Influence 214 | 10 214 . . Initial 3 | . 3 . . Average 63 | 2 72 . . Influence Increases 515 | 30 485 . . Destroy 0b10 Robot/C 260 | . 260 . . Destroy 0b10 Robot/NC 40 | 30 10 . . Destroy Leader 62 | . 62 . . Successful Hack 16 | . 16 . . Disable Machine 15 | . 15 . . Destroy Structure 2 | . 2 . . Lose Combat Pursuer 120 | . 120 . . Influence Decreases 515 | 25 397 93 . Entered New Map 47 | . 2 45 . Time Decay 398 | 25 325 48 . Lost Part 70 | . 70 . . Squads Dispatched 2 | . 2 . . Investigation . | . . . . Extermination . | . . . . Reinforcement 2 | . 2 . . Assault . | . . . . Garrison . | . . . . Intercept . | . . . . Searches Triggered . | . . . . Construction Impeded . | . . . . Haulers Reinforced . | . . . . Active Scanning Responses . | . . . . Cargo Convoy Interrupts . | . . . . Stealth | -11 -10 -10 -8 --------- Run | Yrd Mat Sub Scr Distress Signals 1 | . 1 . . Communications Jammed . | . . . . Distress Signals . | . . . . Times Spotted 44 | . 29 3 12 Peak Tracking Total 10 | . 5 2 10 Tactical Retreats 5 | . 5 . . Traps | -11 -10 -10 -8 ------- Run | Yrd Mat Sub Scr Traps Triggered . | . . . . Indirectly . | . . . . Trap Hack Attempts . | . . . . Triggered . | . . . . Disarmed . | . . . . Reprogrammed . | . . . . Reused . | . . . . Traps Extracted . | . . . . Installed . | . . . . Triggered . | . . . . Most Traps Carried 1 | . . 1 1 Machines | -11 -10 -10 -8 ---------- Run | Yrd Mat Sub Scr Machines Disabled 1 | . 1 . . Max in Single Turn 1 | . 1 . . Machines Repaired . | . . . . Machines Dismantled . | . . . . Machines Sabotaged . | . . . . Overloaded Fab Kills . | . . . . Hacking | -11 -10 -10 -8 --------- Run | Yrd Mat Sub Scr Machines Accessed 15 | . 7 . 8 Terminals 6 | . 6 . . Fabricators . | . . . . Repair Stations 1 | . 1 . . Recycling Units . | . . . . Scanalyzers . | . . . . Garrison Access . | . . . . Total Hacks 80 | . 20 . 60 Successful 68 | . 8 . 60 Failed 12 | . 12 . . Catastrophic 1 | . 1 . . Database Lockouts . | . . . . Manual 15 | . 15 . . Terminals 17 | . 17 . . Fabricators . | . . . . Repair Stations 3 | . 3 . . Recycling Units . | . . . . Scanalyzers . | . . . . Garrison Access . | . . . . Terminal Hacks 61 | . 1 . 60 Record 60 | . . . 60 Locate Traps 1 | . 1 . . Fabricator Hacks . | . . . . Repair Station Hacks 2 | . 2 . . Scan Component 1 | . 1 . . Repair 1 | . 1 . . Recycling Unit Hacks . | . . . . Scanalyzer . | . . . . Garrison Access Hacks . | . . . . Unauthorized Hacks 5 | . 5 . . Terminals 5 | . 5 . . Track 1 | . 1 . . Botnet 3 | . 3 . . Operators 1 | . 1 . . Fabricators . | . . . . Repair Stations . | . . . . Recycling Units . | . . . . Scanalyzers . | . . . . Garrison Access . | . . . . Data Cores Recovered . | . . . . Used . | . . . . Hacking Detections 7 | . 7 . . Full Trace Events . | . . . . Feedback Events . | . . . . Feedback Blocked . | . . . . Robot Schematics Acquired . | . . . . Robots Built . | . . . . Authchips . | . . . . Time . | . . . . Total Robot Build Rating . | . . . . Part Schematics Acquired . | . . . . Parts Built . | . . . . Authchips . | . . . . Time . | . . . . Total Part Build Rating . | . . . . Parts Repaired 1 | . 1 . . Time 26 | . 26 . . Parts Recycled . | . . . . Recycled Matter . | . . . . Retrieved Matter . | . . . . Retrieved Components . | . . . . Parts Scanalyzed . | . . . . Part Schematics Acquired . | . . . . Parts Damaged . | . . . . Bothacking | -11 -10 -10 -8 ------------ Run | Yrd Mat Sub Scr Used RIF Installer . | . . . . Robots Hacked . | . . . . Non-combat . | . . . . Combat . | . . . . Robot Hacks Applied . | . . . . Relay Couplers Released . | . . . . Fabnet Peak Effective % . | . . . . Robots Rewired . | . . . . Allies Hacked . | . . . . Hacks Repelled . | . . . . Allies | -11 -10 -10 -8 -------- Run | Yrd Mat Sub Scr Total Allies 1 | . . . 1 Largest Group 1 | . . . 1 Highest-Rated Group 79 | . . . 79 Highest-Rated Ally 79 | . . . 79 Total Orders . | . . . . Ally Attacks 2 | . . . 2 Total Damage 85 | . . . 85 Kills 2 | . . . 2 Allies Corrupted . | . . . . Allies Melted 1 | . . . 1 Intel | -11 -10 -10 -8 ------- Run | Yrd Mat Sub Scr Active Infowar (turns) . | . . . . Robot Analysis Total . | . . . . Derelict Logs Recovered 5 | . . 1 4 Drone Launches . | . . . . Drone Recoveries . | . . . . Exploration | -11 -10 -10 -8 ------------- Run | Yrd Mat Sub Scr Turns Passed 5648 | 137 949 413 4149 Spaces Moved 4396 | 40 521 325 3510 Core 8 | 8 . . . Treads 61 | . 61 . . Legs . | . . . . Wheels 4327 | 32 460 325 3510 Hover . | . . . . Flight . | . . . . Fastest Speed 50 | 50 80 95 110 Average Speed 109 | 74 95 107 112 Slowest Speed 160 | 80 160 110 125 Overloaded Moves . | . . . . Propulsion Burnouts . | . . . . Robots Hopped . | . . . . Potential Cave-ins . | . . . . Cave-ins Triggered . | . . . . Exploration Rate (%) 51 | 5 78 29 93 Regions Visited 3 Branch Regions 2 Pre-discovered Areas . | . . . . Known Exits Taken . | . . . . Unknown Exits Taken 3 | 1 1 1 . Scrap Searched 9 | . . 2 7 Spaces Dug 1 | . 1 . . Terrain Destroyed 1 | . 1 . . Melee . | . . . . Projectile 1 | . 1 . . AOE . | . . . . Terrain Rammed . | . . . . Walls Destroyed . | . . . . Machines Disabled . | . . . . Actions | -11 -10 -10 -8 --------- Run | Yrd Mat Sub Scr Total 5037 | 93 843 358 3743 Wait 330 | . 191 5 134 Move 4393 | 39 520 324 3510 Hop . | . . . . Pick Up 93 | 14 27 8 44 Fast Attach . | . . . . Attach 19 | 6 10 1 2 Detach . | . . . . Swap 26 | 1 11 4 10 Drop 55 | 2 9 2 42 Fire 121 | 31 75 14 1 Melee . | . . . . Ram . | . . . . Kick . | . . . . Crush . | . . . . Escape Stasis . | . . . . Rewire . | . . . . Trap . | . . . . Miscellaneous . | . . . . Route ------- -11/Scrapyard -10/Materials (discovered 4 exits: [*Mat x2] / [*Min] / [*Sub]) -10/Subcaves (discovered 2 exits: [*Mat] / *Scr) -8/Scraptown (discovered 2 exits: [*Fac x2]) History --------- Turn | Location | Event 31 | -11/Scrapyard | Discovered new exit (range 16) 138 | -11/Scrapyard | Entered Materials 303 | -10/Materials | Build established: Mutant 437 | -10/Materials | Repaired Assault Rifle 464 | -10/Materials | Discovered new exit (range 11) 488 | -10/Materials | Discovered new exit (range 13) 643 | -10/Materials | Discovered new exit (range 16) 691 | -10/Materials | Core integrity fell below 50% 738 | -10/Materials | Derelicts attacked the area 833 | -10/Materials | Discovered new exit (range 15) 911 | -10/Materials | Lost 4 parts (1p3n) 1087 | -10/Materials | Entered Subcaves 1088 | -10/Subcaves | Approached by a straggling Scientist 1091 | -10/Subcaves | Learned Materials emergency access door positions 1140 | -10/Subcaves | Shifting Twisted Machinery released Sub. Machine Gun 1145 | -10/Subcaves | Shifting Twisted Machinery released Battle Rifle 1272 | -10/Subcaves | Core integrity fell below 20% 1327 | -10/Subcaves | Build established: Scavenger-Mutant 1367 | -10/Subcaves | Scientist uncovered a shortcut to Scraptown 1413 | -10/Subcaves | Discovered new exit (range 9) 1500 | -10/Subcaves | Entered Scraptown 1637 | -8/Scraptown | Visited Shadow of the Wyrm 1665 | -8/Scraptown | Visited Junk Repository 1723 | -8/Scraptown | Build established: Mutant 1933 | -8/Scraptown | Scanned Subdweller tech in exchange for log data 1935 | -8/Scraptown | Learned 8 Research zone layouts 1937 | -8/Scraptown | Learned Factory trap positions 1938 | -8/Scraptown | Learned Research emergency access door positions 1952 | -8/Scraptown | Discovered new exit (range 11) 2400 | -8/Scraptown | Visited UFD Registry 2400 | -8/Scraptown | Registered with UFD as "Hellsplitter" 2415 | -8/Scraptown | Visited Fellowship of the Rings 2440 | -8/Scraptown | Visited TADAMA 2472 | -8/Scraptown | Visited Cyclists 2489 | -8/Scraptown | Entered Cyclist Reading Room 2509 | -8/Scraptown | Visited Awakened 2542 | -8/Scraptown | Visited SPCMW 2679 | -8/Scraptown | Visited Infowarlord's Domain 2715 | -8/Scraptown | Visited Curators Association 2739 | -8/Scraptown | Visited Research Penetration Think Tank 2785 | -8/Scraptown | Discovered new exit (range 5) 2906 | -8/Scraptown | Visited DA-N13 Charitable Foundation 2911 | -8/Scraptown | Found DCF Scrap (28 items) 2987 | -8/Scraptown | Visited A0-MCA Data Center 2994 | -8/Scraptown | Given a B+ rating by A0-MCA 2999 | -8/Scraptown | Found A0-MCA's Component Scanner 3118 | -8/Scraptown | Visited Botcube Research 3128 | -8/Scraptown | Found Lrg. Botcube 3399 | -8/Scraptown | Found Scrap Suit 4125 | -8/Scraptown | Visited Chapter 10 4146 | -8/Scraptown | Visited Abandonware Association 4159 | -8/Scraptown | Learned abandonware demo "OVRCLOCK.EXE" 4375 | -8/Scraptown | Learned abandonware demo "ERRANTS.EXE" 4375 | -8/Scraptown | Learned abandonware demo "POISON.EXE" 4644 | -8/Scraptown | Lrg. Botcube activated 4676 | -8/Scraptown | Lrg. Botcube completed mutation into wheeled form, armed with 2 guns, 2 cannons. 5265 | -8/Scraptown | Guru changed UFD alias to "Monocycle" 5554 | -8/Scraptown | Met Optimus 5554 | -8/Scraptown | Accepted into 0bPrime 5633 | -8/Scraptown | Civil war broke out across Scraptown 5648 | -8/Scraptown | Found Lrg. Botcube 5649 | -8/Scraptown | Destroyed by DN-G93(p) with EM Pulse Gun Last Messages --------------- hit (Burn). 05642_ Acquired 3 matter. 05644_ Critical hit (Burn: +50). 05644_ Large Mutated Botcube suffers critical hit (Burn). 05644_ Large Mutated Botcube overheating. 05644_ Large Mutated Botcube suffers critical hit (Burn). 05645_ Large Mutated Botcube heat short circuits Target Analyzer. 05645_ Bolt penetrates Wall. 05645_ Large Mutated Botcube overheating. 05646_ Large Mutated Botcube critical meltdown. 05646_ Slug penetrates Wall. 05647_ XZ-9A4(E) suffers critical hit (Burn). 05647_ Dropped Shrapnel Trap. 05647_ XZ-9A4(E) destroyed. 05648_ Dropped CPS Tube. 05648_ Acquired Lrg. Botcube. 05648_ Bolt penetrates LB-EEH(E). Map ----- +----------------------------------------------------+ | | | | | | | | | | | | | | | | | ?????????????????????????????????????????????????? | | ?????????????????????????????????????????????????? | | ?????????????????????????????????????????????????? | | ?????????????????????????????????????????????????? | | ?????????????????????????????????????????????????? | | ?????????????????????????????????????????????????? | | ?????????????????????????????????????????????????? | | ?????????????????????????????????????????????????? | | ?????????????????????????????????????????????????? | | ?????????????????????????????????????????????????? | | ?????????????????????????????????????????????????? | | ?????????????????????????????#####???????????????? | | ?????????????????????????????#"""#???????????????? | | #################???####?????#"!"#???????????????? | | "##"""##""|##"""#??## ##????#%